 Dungeon Crawl Stone Soup version 0.30-a0-218-gedb9141078 (webtiles) character file.

Game seed: 5347193988665242828

816 porpoise the Cutter (level 8, -1/49 HPs)
             Began as a Kobold Enchanter on Oct 6, 2022.
             Slain by Pikel
             ... wielding a +0 whip of electrocution
              (7 damage)
             ... on level 5 of the Dungeon.
             The game lasted 00:18:27 (5008 turns).

porpoise the Cutter (Kobold Enchanter)              Turns: 5008, Time: 00:18:28

Health: -1/49      AC:  5    Str:  5    XL:     8   Next: 16%
Magic:  11/11      EV: 14    Int: 16    God:
Gold:   236        SH:  0    Dex: 18    Spells: 9/11 levels left

rFire   . . .      SeeInvis .    a - +1 dagger
rCold   + . .      Faith    .    (no shield)
rNeg    . . .      Spirit   .    e - +0 leather armour
rPois   .          Reflect  .    (no helmet)
rElec   .          Harm     .    q - +1 cloak
rCorr   .          Rampage  .    (no gloves)
Will    .....                    (no boots)
Stlth   ++++......               (no amulet)
HPRegen 0.28/turn                n - ring of protection from cold
MPRegen 0.12/turn                (no ring)

@: mighty, invisible
A: small, no large weapons, nightstalker 3
a: no special abilities


You were on level 5 of the Dungeon.
You visited 1 branch of the dungeon, and saw 5 of its levels.

You collected 236 gold pieces.

Inventory:

Hand Weapons
 a - a +1 dagger (weapon)
Missiles
 g - 7 boomerangs (quivered)
 v - 2 poisoned darts
Armour
 b - a +0 robe
 e - a +0 leather armour (worn)
 q - a +1 cloak (worn)
 w - the +1 scale mail of the Tundras {rC+ rN+ Dex+5}
   (You found it on level 4 of the Dungeon)

   Dex:       It affects your dexterity (+5).
   rC:        It protects you from cold.
   rN:        It protects you from negative energy.
Jewellery
 n - a ring of protection from cold (left hand)
Wands
 r - a wand of roots (3)
Scrolls
 h - 3 scrolls of teleportation
 i - a scroll of amnesia
 j - a scroll of butterflies {unknown}
 k - a scroll of enchant armour {unknown}
 o - a scroll of noise {unknown}
 p - a scroll of silence {unknown}
 s - a scroll of immolation {unknown}
 u - 2 scrolls of identify
 x - a scroll of enchant weapon {unknown}
Potions
 d - 3 potions of curing
 f - 4 potions of lignification
 m - 2 potions of mutation


   Skills:
 - Level 5.1 Fighting
 + Level 7.1 Short Blades
 - Level 2.4 Dodging
 + Level 7.0 Stealth
 - Level 2.1 Spellcasting
 + Level 3.6 Hexes


You had 9 spell levels left.
You knew the following spells:

 Your Spells              Type           Power      Damage    Failure   Level
a - Ensorcelled Hibernat  Hex/Ice        14%        N/A       24%         2

Your spell library contained the following spells:

 Spells                   Type           Power      Damage    Failure   Level
 Confusing Touch          Hex            13%        N/A       22%         3
 Tukima's Dance           Hex            13%        N/A       22%         3
 Apportation              Tloc           2%         N/A       34%         1
 Kiss of Death            Conj/Necr      4%         2d5       34%         1
 Necrotise                Necr           4%         1d4       34%         1
 Summon Small Mammal      Summ           4%         N/A       34%         1
 Dazzling Flash           Conj/Hex       14%        N/A       43%         3
 Dispel Undead            Necr           1%         3d6       98%         4
 Iskenderun's Mystic Bla  Conj/Tloc      1%         2d3       98%         4
 Starburst                Conj/Fire      0%         6d3       100%        6


Dungeon Overview and Level Annotations

Branches:
Dungeon (5/15)
 Temple: D:4-7

Altars:
Okawaru

Annotations:
D:5 Pikel


Innate Abilities, Weirdness & Mutations

You are small and have problems with some larger weapons.
You are completely attuned to the shadows.


Message History

Throw: 7 boomerangs
Press: ? - help, Q - select action, (/) - cycle Shift-Dir - straight line, f - Pikel
Aim: Pikel, wielding a +0 whip of electrocution and wearing a +0 robe (56% to hit)
Okay, then.
Throw: throwing net
Press: ? - help, Q - select action, (/) - cycle Shift-Dir - straight line, f - Pikel
Aim: Pikel, wielding a +0 whip of electrocution and wearing a +0 robe (56% to hit)
You throw a throwing net. The throwing net hits Pikel.
Pikel is caught in the net!
Pikel drinks a potion.
Pikel flickers and vanishes!
Deactivating autopickup; reactivate with Ctrl-A.
Something wriggles in the net.
You closely miss something. You hit something but do no damage.
You hit something but do no damage.
Something wriggles in the net.
You hit something but do no damage.
Something wriggles in the net.
You feel very mighty all of a sudden.
Something wriggles in the net.
You hit something. You hit something but do no damage.
Something wriggles in the net.
All of a sudden the net rips apart!
You hit something. Something barely misses you.
You hit something. You miss something. Something hits you.
You are electrocuted!!
You miss something. Your punch misses something. Something hits you.
You are electrocuted!
* * * LOW HITPOINT WARNING * * *
You fade into invisibility!
Something completely misses you.
You closely miss something. You closely miss something. Something hits you!
* * * LOW HITPOINT WARNING * * *
You barely miss something. You miss something. Something hits you.
* * * LOW HITPOINT WARNING * * *
You closely miss something.
You see here a +0 leather armour.
You puncture something! Your punch misses something.
You hit something but do no damage. Something hits you!
You die...

#.........###.#####
##.######.........# ...#
#####.##### #...# .### #.#
..#...# .# #.# #.#...# .### ##.#
......# ...#########..# #...#
..........<..####### ## ....#
...########.....@{5####... #.).#
.....#####..######5....... #.).#
...........## ######... #T).#
......T##### ## #...# .......#
#...#
.......######################....
..........T......................
.......######################..##
......## .....


You could see 2 lemures.

Vanquished Creatures
  Edmund (D:4)
  A black bear (D:4)
  A necrophage (D:3)
  2 scorpions
  An orc priest (D:4)
  A hound (D:5)
  3 iguanas
  3 orc wizards
  Ijyb (D:5)
  7 adders
  4 gnolls
  A worm (D:4)
  6 orcs
  9 endoplasms
  4 giant cockroaches
  10 goblins
  7 hobgoblins
  11 jackals
  4 quokkas
  6 ball pythons
  5 bats
  5 frilled lizards
  6 kobolds
  3 rats
102 creatures vanquished.

Notes
Turn   | Place    | Note
-------+----------+-------------------------------------------
     0 | D:1      | porpoise the Kobold Enchanter began the quest for the Orb.
     0 | D:1      | Reached XP level 1. HP: 10/10 MP: 3/3
    65 | D:1      | Found a faded altar of an unknown god.
    98 | D:1      | Reached XP level 2. HP: 15/16 MP: 5/5
   120 | D:1      | Reached skill level 1 in Fighting
   323 | D:1      | Reached XP level 3. HP: 20/20 MP: 6/6
   747 | D:2      | Reached XP level 4. HP: 26/26 MP: 7/7
  1506 | D:2      | Reached XP level 5. HP: 18/31 MP: 8/8
  1561 | D:2      | Learned a level 2 spell: Ensorcelled Hibernation
  1822 | D:2      | Reached skill level 5 in Stealth
  2324 | D:3      | Reached XP level 6. HP: 19/38 MP: 9/9
  2543 | D:3      | Reached skill level 5 in Short Blades
  3055 | D:4      | Noticed a black bear
  3057 | D:4      | Killed a black bear
  3102 | D:4      | Reached XP level 7. HP: 3/44 MP: 10/10
  3102 | D:4      | HP: 2/44 [poisoned by a scorpion]
  3333 | D:4      | Found an iron altar of Okawaru.
  3828 | D:4      | Noticed Edmund
  3835 | D:4      | Killed Edmund
  3836 | D:4      | Reached skill level 5 in Fighting
  4110 | D:4      | Identified the +1 scale mail of the Tundras {rC+ rN+ Dex+5}
  4452 | D:5      | Entered Level 5 of the Dungeon
  4637 | D:5      | Noticed Ijyb
  4656 | D:5      | Killed Ijyb
  4657 | D:5      | Reached XP level 8. HP: 24/49 MP: 9/11
  4666 | D:5      | Noticed a troll
  4979 | D:5      | Noticed Pikel
  5008 | D:5      | Slain by Pikel

Illustrated notes

Levels and vault maps discovered:
D:1:      lemuel_arrival_rhombus, layout_rooms, shapermc_ecumenical_altar_venn
D:2:      layout_basic
D:3:      layout_rooms
D:4:      layout_loops_corners, mainiacjoe_overflow_boulevard,
          chequers_serial_rivers_small_a, minmay_surrounded, uniq_edmund
D:5:      gammafunk_wand_slinger, layout_rooms,
          grunt_temple_overflow_magic_moments,
          grunt_dithmenos_smoke_and_mirrors, minmay_small_thing, uniq_pikel,
          uniq_ijyb

Skill      XL: |  1  2  3  4  5  6  7  8 |
---------------+-------------------------+-----
Short Blades   | 2 3 4 5 7 |  7.1
Fighting       | 1 2 3 4 5 |  5.1
Stealth        | 5 6 7 |  7.0
Dodging        | |  2.4
Spellcasting   | |  2.1
Hexes          | |  3.6

Action                   |  1- 3 |  4- 6 |  7- 9 || total
-------------------------+-------+-------+-------++-------
Melee: Dagger            |   120 |   200 |   130 ||   450
       Punch             |     1 |       |     2 ||     3
Throw: Throwing net      |       |       |     1 ||     1
 Cast: Ensorcelled Hiber |       |       |     7 ||     7
Evoke: Wand              |       |       |     5 ||     5
  Use: Scroll            |     2 |     5 |     1 ||     8
       Potion            |       |     4 |     2 ||     6
 Stab: Sleeping          |    16 |    18 |    13 ||    47
       Distracted        |       |     2 |     1 ||     3
       Invisible         |       |     1 |       ||     1
Armor: Robe              |     2 |       |       ||     2
       Leather armour    |    20 |    34 |    13 ||    67
Dodge: Dodged            |    82 |   110 |    60 ||   252

Table legend: (Time is in decaauts)
 A = Elapsed time spent in this place.
 B = Non-inter-level travel time spent in this place.
 C = Inter-level travel time spent in this place.
 D = Time resting spent in this place.
 E = Time spent auto-exploring this place.
 F = Levels seen in this place.
 G = Mean time per level.
                   A        B        C        D        E       F      G
               +--------+--------+--------+--------+--------+-----+--------+
         Total |   4915 |   4673 |    242 |   1466 |   2153 |   5 |  983.0 |
       Dungeon |   4915 |   4673 |    242 |   1466 |   2153 |   5 |  983.0 |
               +--------+--------+--------+--------+--------+-----+--------+

Top non-repeatable levels by time:
     D:4: 1564 daAuts
     D:2: 1275 daAuts
     D:3: 1055 daAuts
     D:1: 641 daAuts
     D:5: 378 daAuts
